 Dungeon Crawl Stone Soup version 0.20-a0-738-gb057e68 (webtiles) character file.

100 Alarkh the Slasher (level 4, -1/35 HPs)
             Began as a Demonspawn Monk on Feb 23, 2017.
             Slain by Crazy Yiuf
             ... wielding a +4 quarterstaff of chaos
              (3 damage)
             ... on level 2 of the Dungeon.
             The game lasted 00:02:30 (1971 turns).

Alarkh the Slasher (Demonspawn Monk)                Turns: 1971, Time: 00:02:32

Health: -1/35      AC:  7    Str: 11    XL:     4   Next: 46%
Magic:  4/4        EV: 16    Int: 13    God:
Gold:   70         SH:  8    Dex: 20    Spells: 3/3 levels left

rFire    . . .     SeeInvis .   a - +0 falchion
rCold    . . .     Gourm    .   b - +0 robe
rNeg     . . .     Faith    .   o - +0 shield
rPois    .         Spirit   .   (no helmet)
rElec    .         Reflect  .   q - +2 cloak
rCorr    .         Harm     .   g - +0 pair of gloves
MR       .....                  l - +0 pair of boots
Stlth    +++.......             (no amulet)
Regen    0.2/turn               (no ring)
MPRegen  0.1/turn               (no ring)

@: agile, lethally poisoned (-1 -> -10)
A: talons 1, mutation resistance 1, powered by death 1, rot immunity
a: no special abilities


You were on level 2 of the Dungeon.
You were not hungry.

You visited 1 branch of the dungeon, and saw 2 of its levels.

You collected 70 gold pieces.

Inventory:

Hand Weapons
 a - a +0 falchion (weapon)
Armour
 b - a +0 robe (worn)
 g - a +0 pair of gloves (worn)
 l - a +0 pair of boots (worn)
 o - a +0 shield (worn)
 q - a +2 cloak (worn)
Scrolls
 e - a scroll of identify
 f - a scroll of recharging
 k - a scroll of fog {unknown}
 n - 2 scrolls of enchant armour {unknown}
 p - a scroll of immolation {unknown}
Potions
 d - 3 potions of brilliance
Comestibles
 c - a bread ration
 h - 5 chunks of flesh
 m - 2 meat rations


   Skills:
 + Level 3.4 Fighting
 * Level 3.9 Long Blades
 + Level 3.2 Dodging
 - Level 1.7 Stealth
 + Level 1.1 Shields


You had 3 spell levels left.
You didn't know any spells.

Dungeon Overview and Level Annotations

Branches:
Dungeon (2/15)

Altars:
Gozag
Ru
Wu Jian
Xom

Annotations:
D:2 Crazy Yiuf, Natasha


Innate Abilities, Weirdness & Mutations

You regenerate a little health from kills.
You are immune to rotting.
You have sharp toenails.
You are somewhat resistant to further mutation.


Message History

You feel sick. Crazy Yiuf misses you.
You hit Crazy Yiuf.
Crazy Yiuf is heavily wounded.
You feel sick.
Crazy Yiuf hits you with a quarterstaff of chaos.
Crazy Yiuf barely misses you.
You are too injured to fight recklessly!
You are too injured to fight recklessly!
You feel extremely strange.
Your toenails lengthen and sharpen.
You feel genetically stable.
You feel sick.
You hit Crazy Yiuf.
Crazy Yiuf is almost dead.
You feel sick. Crazy Yiuf misses you.
You riposte.
You hit Crazy Yiuf but do no damage.
Crazy Yiuf is almost dead.
Crazy Yiuf hits you with a quarterstaff of chaos!
* * * LOW HITPOINT WARNING * * *
Crazy Yiuf burns you.
You die...

.## #.#### #...##
#.#.# .# #....# ##.##
#.#.# .# ####.# #.##
#.#.# .# #)# ##.#
#.#.# .# #.# #.##
#...# .#### #.# ##.#
#######..## .#..##
#.# ##'## #...[....#
.....###.# #...#
#.######.# .........#
#.@.# #.# #.#
......###### #.g)#
#.# ##)##
...........# #####
#.# ##.#.#
....########
#.####.....
...........##########
#......###.
##..####............#
######.# #. #..#
#.####.#####.# #.###.
#..# #.# #.### #.#
##...#
#..####.####...###.##
##.##


You could see Crazy Yiuf.

Vanquished Creatures
  Ijyb (D:2)
  An adder (D:2)
  2 oozes
  2 dart slugs
  2 leopard geckos
  8 giant cockroaches
  9 goblins
  7 hobgoblins
  A ball python (D:2)
  6 bats (D:1)
  4 frilled lizards
  3 kobolds
  4 rats
50 creatures vanquished.

Notes
Turn   | Place    | Note
-------+----------+-------------------------------------------
     0 | D:1      | Alarkh the Demonspawn Monk began the quest for the Orb.
     0 | D:1      | Reached XP level 1. HP: 18/18 MP: 1/1
   167 | D:1      | Gained mutation: You regenerate a little health from kills. [demonic ancestry]
   167 | D:1      | Reached XP level 2. HP: 21/24 MP: 2/2
   902 | D:1      | Reached XP level 3. HP: 11/29 MP: 3/3
  1328 | D:2      | Noticed Natasha
  1434 | D:2      | Found a shimmering altar of Xom.
  1434 | D:2      | Found an ornate altar of the Wu Jian Council.
  1434 | D:2      | Found an opulent altar of Gozag.
  1435 | D:2      | Found a sacrificial altar of Ru.
  1743 | D:2      | Gained mutation: You are immune to rotting. [demonic ancestry]
  1743 | D:2      | Reached XP level 4. HP: 34/35 MP: 4/4
  1773 | D:2      | Noticed Ijyb
  1805 | D:2      | Killed Ijyb
  1805 | D:2      | Reached skill level 1 in Shields
  1955 | D:2      | Found a runed door.
  1960 | D:2      | Noticed Crazy Yiuf
  1970 | D:2      | Gained mutation: You have sharp toenails. [potion of mutation]
  1970 | D:2      | Gained mutation: You are somewhat resistant to further mutation. [potion of mutation]
  1971 | D:2      | Slain by Crazy Yiuf

Vault maps used:
D:1:      lightli_arrival_noodles
D:2:      chequers_temple_overflow_statue_of_worship, minmay_unequal,
          uniq_natasha, uniq_iyjb, uniq_crazy_yiuf_cottage

Skill      XL: |  1  2  3  4 |
---------------+-------------+-----
Long Blades    | 3 |  3.9
Dodging        | 3 |  3.2
Shields        | 1 |  1.1
Fighting       | |  3.4
Stealth        | |  1.7

Action                   |  1- 3 |  4- 6 || total
-------------------------+-------+-------++-------
Melee: Falchion          |   175 |    46 ||   221
  Use: Scroll            |     4 |       ||     4
       Potion            |       |     2 ||     2
 Stab: Sleeping          |     6 |     1 ||     7
  Eat: Chunk             |     3 |     1 ||     4
Armor: Robe              |    54 |    10 ||    64
Dodge: Dodged            |    86 |    21 ||   107
Block: Shield            |    56 |    12 ||    68
       Rpst.: Falchion   |    22 |     7 ||    29
